 Dungeon Crawl Stone Soup version 0.30-a0-652-gcc886f7154 (webtiles) character file.

Game seed: 13161710434035960766

1610 Absynth the Conjurer (level 8, -3/57 HPs)
             Began as a Pale Draconian Conjurer on Jan 17, 2023.
             Slain by Blork the orc
             ... wielding a +0 war axe
              (5 damage)
             ... on level 5 of the Dungeon.
             The game lasted 00:27:04 (6217 turns).

Absynth the Conjurer (Pale Draconian Conjurer)      Turns: 6217, Time: 00:27:05

Health: -3/57      AC:  6    Str:  9    XL:     8   Next: 63%
Magic:  5/25       EV: 17    Int: 21    God:
Gold:   231        SH:  0    Dex: 10    Spells: 10/18 levels left

rFire   . . .      SeeInvis .    w - +2 whip (freeze)
rCold   . . .      Faith    .    (no shield)
rNeg    . . .      Spirit   .    (body armour unavailable)
rPois   .          Reflect  .    (helmet restricted)
rElec   .          Harm     .    (no cloak)
rCorr   .          Rampage  .    (no gloves)
Will    .....                    (no boots)
Stlth   ++                       (no amulet)
HPRegen 0.29/turn                c - +5 ring of evasion
MPRegen 0.19/turn                m - ring of magical power

@: no status effects
A: breathe steam, AC +6, unfitting armour, cold-blooded, steam resistance
a: Breathe Steam


You were on level 5 of the Dungeon.
You visited 2 branches of the dungeon, and saw 6 of its levels.

You collected 231 gold pieces.

Inventory:

Hand Weapons
 w - a +2 whip of freezing (weapon)
Armour
 u - an orb of guile
Jewellery
 c - a +5 ring of evasion (left hand)
 j - a ring of protection from fire
 m - a ring of magical power (right hand)
Wands
 r - a wand of roots (6)
Scrolls
 d - a scroll of fog
 f - a scroll of magic mapping {unknown}
 i - a scroll of vulnerability {unknown}
 k - 2 scrolls of blinking {unknown}
 l - a scroll of teleportation {unknown}
 n - a scroll of enchant armour {unknown}
 s - a scroll of noise {unknown}
 t - a scroll of fear {unknown}
 v - a scroll of immolation {unknown}
Potions
 a - 3 potions of magic
 b - a potion of brilliance {unknown}
 e - a potion of ambrosia {unknown}
 g - 5 potions of curing
 o - a potion of lignification {unknown}
 p - a potion of flight {unknown}
 q - 2 potions of cancellation


   Skills:
 - Level 1.7 Dodging
 - Level 1.7 Stealth
 * Level 5.7 Spellcasting
 + Level 7.1 Conjurations
 - Level 7.0 Translocations


You had 10 spell levels left.
You knew the following spells:

 Your Spells              Type           Power      Damage    Failure   Level
a - Magic Dart            Conj           100%       1d8       1%          1
b - Searing Ray           Conj           70%        2d7       1%          2
p - Apportation           Tloc           70%        N/A       1%          1
z - Iskenderun's Mystic   Conj/Tloc      35%        2d8       5%          4

Your spell library contained the following spells:

 Spells                   Type           Power      Damage    Failure   Level
 Dazzling Flash           Conj/Hex       40%        N/A       7%          3
 Necrotise                Necr           20%        1d5       10%         1
 Summon Small Mammal      Summ           20%        N/A       10%         1
 Fulminant Prism          Conj/Hex       10%        3d9       24%         4


Dungeon Overview and Level Annotations

Branches:
Dungeon (5/15)             Temple (1/1) D:4

Altars:
Dithmenos
Elyvilon
Fedhas
Hepliaklqana
Makhleb
Nemelex Xobeh
Okawaru
Ru
Sif Muna
Trog
Xom
Yredelemnul
Zin
The Shining One

Annotations:
D:5 Blork the orc, Edmund


Innate Abilities, Weirdness & Mutations

You can breathe blasts of scalding, opaque steam.
Your pale cyan-grey scales are hard. (AC +6)
You cannot fit into any form of body armour.
You are cold-blooded and may be slowed by cold attacks.
You are immune to the effects of steam.


Message History

Blork the orc points at you and mumbles some strange words.
The magic dart hits you but does no damage.
As you read the scroll of fog, it crumbles to dust.
The scroll dissolves into smoke.
You have got your breath back.
Blork the orc attacks as you move away!
Blork the orc hits you but does no damage.
Blork the orc completely misses you.
Blork the orc looks angry.
Blork the orc completely misses you.
Hit: w) +2 whip (freeze)
Press: ? - help, Dir - move target, f - Blork the orc, p - Edmund
Aim: Blork the orc, wielding a +0 war axe and wearing a +0 robe (heavily wounded, fast, about 39% to evade your +2 whip of freezing)
Okay, then.
Hit: w) +2 whip (freeze)
Press: ? - help, Dir - move target, f - Blork the orc, p - Edmund
Aim: Blork the orc, wielding a +0 war axe and wearing a +0 robe (heavily wounded, fast, about 39% to evade your +2 whip of freezing)
You hit Blork the orc. You freeze Blork the orc.
Your tail-slap misses Blork the orc.
Blork the orc is heavily wounded.
Blork the orc misses you.
Edmund asks, "Have you met my wondrous brother?"
Blork the orc hits you with a +0 war axe!
* * * LOW HITPOINT WARNING * * *
As you read the scroll of fog, it crumbles to dust.
The scroll dissolves into smoke.
Blork the orc closely misses you.
Blork the orc screams, "I don't like you!"
Blork the orc hits you with a +0 war axe!
* * * LOW HITPOINT WARNING * * *
Blork the orc attacks as you move away!
Blork the orc hits you with a +0 war axe.
* * * LOW HITPOINT WARNING * * *
Blork the orc barely misses you.
Hit: w) +2 whip (freeze)
Press: ? - help, Dir - move target, f/p - Blork the orc
Aim: Blork the orc, wielding a +0 war axe and wearing a +0 robe (heavily wounded, fast, about 39% to evade your +2 whip of freezing)
You hit Blork the orc. You freeze Blork the orc. You tail-slap Blork the orc.
Blork the orc is almost dead.
Blork the orc hits you with a +0 war axe.
You die...

........##..#.#.....########..#.#
..............................#<#
......................#######.#.#
............#.###...#.#######.#.#
...........................##.#.#
........#.............#######.#.#
........#.#...##........#####.#.#
........#.#§# #..#...#..........
....§...#.#§####@...............#
..........§§§§@o......#.###.#.#.#
....§§§§#.#§#§§...#.#.#.###.#.#.#
..§§§§§.#.§§§§§..........##.#.#.#
..§§§§§.#...####.##.###..##.#.#.#
..§§§§§§§...................#.#.#
#o§§§§§§........................#
)#§##§§§#...####.##.####..#.#.###
.#.##.§§#.....##..........#.#.#


You could see Edmund and Blork the orc (fast).

Vanquished Creatures
  Pikel (D:5)
  Prince Ribbit (D:5)
  Sigmund (D:2)
  An ice beast (D:3)
  An ogre (D:5)
  2 lemures (D:5)
  2 scorpions (D:4)
  2 hounds
  A jelly (D:5)
  An orc priest (D:5)
  Jessica (D:3)
  Terence (D:3)
  3 orc wizards (D:5)
  3 gnolls (D:4)
  11 adders
  2 river rats (D:3)
  9 worms
  A dart slug (D:3)
  2 orcs
  7 endoplasms
  2 giant cockroaches
  8 goblins
  7 hobgoblins
  8 jackals
  A quokka (D:1)
  6 ball pythons
  6 bats
  8 frilled lizards
  9 kobolds
  7 rats
115 creatures vanquished.

Notes
Turn   | Place    | Note
-------+----------+-------------------------------------------
     0 | D:1      | Absynth the Draconian Conjurer began the quest for the Orb.
     0 | D:1      | Reached XP level 1. HP: 14/14 MP: 3/3
   286 | D:1      | Reached XP level 2. HP: 20/20 MP: 3/5
   878 | D:1      | Reached XP level 3. HP: 26/26 MP: 2/7
   959 | D:1      | Learned a level 2 spell: Searing Ray
  1586 | D:2      | Found a bloodstained altar of Trog.
  1900 | D:2      | Noticed Sigmund
  2477 | D:2      | Killed Sigmund
  2478 | D:2      | Reached skill level 5 in Conjurations
  2478 | D:2      | Reached XP level 4. HP: 11/33 MP: 0/10
  2478 | D:2      | Reached XP level 5. HP: 12/38 MP: 0/11
  2570 | D:3      | Noticed Jessica
  2574 | D:3      | Killed Jessica
  2611 | D:3      | Noticed Terence
  2614 | D:3      | Noticed an ice beast
  2617 | D:3      | Killed Terence
  2618 | D:3      | Reached XP level 6. HP: 39/45 MP: 3/12
  2776 | D:3      | Killed an ice beast
  3185 | D:3      | Found a glowing silver altar of Zin.
  3186 | D:3      | Noticed an angel
  3711 | D:3      | Reached skill level 5 in Spellcasting
  4079 | D:4      | Your scales start taking on a pale cyan-grey colour.
  4079 | D:4      | Reached XP level 7. HP: 46/50 MP: 9/14
  4079 | D:4      | Gained mutation: You are immune to the effects of steam.
                  | [Pale Draconian growth]
  4786 | D:4      | Learned a level 1 spell: Apportation
  4788 | D:4      | Found a staircase to the Ecumenical Temple.
  4795 | Temple   | Entered the Ecumenical Temple
  4795 | Temple   | Found a transporter.
  4795 | Temple   | Found a transporter.
  4797 | Temple   | Found a transporter.
  4797 | Temple   | Found a transporter.
  5288 | D:5      | Entered Level 5 of the Dungeon
  5291 | D:5      | Noticed Prince Ribbit
  5294 | D:5      | Reached skill level 1 in Translocations
  5504 | D:5      | Killed Prince Ribbit
  5505 | D:5      | Reached XP level 8. HP: 57/57 MP: 9/16
  5555 | D:5      | Learned a level 4 spell: Iskenderun's Mystic Blast
  5916 | D:5      | Noticed Pikel
  5925 | D:5      | Killed Pikel
  6095 | D:5      | Found a sacrificial altar of Ru.
  6173 | D:5      | Noticed Edmund
  6193 | D:5      | Noticed Blork the orc
  6215 | D:5      | HP: 1/57 [Blork the orc/+0 war axe (3)]
  6217 | D:5      | Slain by Blork the orc

Illustrated notes

Levels and vault maps discovered:
D:1:      psy_arrival_fountain, layout_basic, minmay_stone_trees_small
D:2:      layout_loops_cross, basic_altar, nicolae_wormholes, uniq_sigmund
D:3:      layout_basic, zin_angel, lightli_sewer_entry_pipes,
          grunt_ministairs_9, hangedman_decor_push, uniq_terence, uniq_jessica
D:4:      layout_loops_ring, minmay_temple_entry_mist
D:5:      layout_basic, nicolae_ru_great_annihilating_truth, serial_shops,
          nicolae_diamond_shop, uniq_pikel, uniq_blork_the_orc, uniq_edmund,
          uniq_prince_ribbit1
Temple:   hellmonk_temple_divided_pantheon

Skill      XL: |  1  2  3  4  5  6  7  8 |
---------------+-------------------------+-----
Spellcasting   | 4 5 |  5.7
Conjurations   | 5 6 7 |  7.1
Translocations | 4 7 |  7.0
Dodging        | |  1.7
Stealth        | |  1.7

Action                   |  1- 3 |  4- 6 |  7- 9 || total
-------------------------+-------+-------+-------++-------
Melee: Unarmed           |     8 |       |       ||     8
       Tailslap          |     9 |     2 |     1 ||    12
       Dagger            |    49 |    10 |     8 ||    67
       Punch             |     2 |       |       ||     2
       Whip              |       |       |     2 ||     2
 Cast: Magic Dart        |    93 |    52 |    58 ||   203
       Searing Ray       |     3 |    15 |    14 ||    32
       Iskenderun's Myst |       |       |     4 ||     4
 Abil: Breathe Steam     |       |       |     2 ||     2
  Use: Scroll            |       |     5 |     2 ||     7
       Potion            |       |       |     1 ||     1
Armor: Skin              |    40 |     8 |     7 ||    55
Dodge: Dodged            |    55 |    14 |    33 ||   102

Table legend: (Time is in decaauts)
 A = Elapsed time spent in this place.
 B = Non-inter-level travel time spent in this place.
 C = Inter-level travel time spent in this place.
 D = Time resting spent in this place.
 E = Time spent auto-exploring this place.
 F = Levels seen in this place.
 G = Mean time per level.
                   A        B        C        D        E       F      G
               +--------+--------+--------+--------+--------+-----+--------+
         Total |   6261 |   6108 |    153 |   1836 |   2820 |   6 | 1043.5 |
       Dungeon |   6134 |   5981 |    153 |   1836 |   2814 |   5 | 1226.8 |
        Temple |    126 |    126 |      0 |      0 |      6 |   1 |  126.0 |
               +--------+--------+--------+--------+--------+-----+--------+

Top non-repeatable levels by time:
     D:1: 1616 daAuts
     D:3: 1456 daAuts
     D:4: 1194 daAuts
     D:2: 1027 daAuts
     D:5: 840 daAuts
  Temple: 126 daAuts
